 Dungeon Crawl Stone Soup version 0.31-a0-236-g9a0961fb85 (webtiles) character file.

Game seed: 14462556633706492763

155 qw the Shooter (level 5, -7/30 HPs)
             Began as a Gargoyle Hexslinger on July 9, 2023.
             Mangled by an ogre
             ... wielding a +0 giant spiked club
              (27 damage)
             ... on level 3 of the Dungeon.
             The game lasted 00:00:54 (1915 turns).

qw the Shooter (Gargoyle Hexslinger)                Turns: 1915, Time: 00:00:54

Health: -7/30      AC:  7    Str: 12    XL:     5   Next: 37%
Magic:  6/6        EV: 11    Int: 13    God:
Gold:   188        SH:  0    Dex: 14    Spells: 5/6 levels left

rFire   . . .        Y - +2 sling
rCold   . . .        (no shield)
rNeg    + . .        a - +0 leather armour
rPois   inf          (no helmet)
rElec   +            (no cloak)
rCorr   .            (no gloves)
SInv    .            (no boots)
Will    .....        k - amulet of regeneration
Stlth   +            (no ring)
HPRegen 1.05/turn    (no ring)
MPRegen 0.10/turn

%: no passive effects
@: no status effects
A: sickness immunity, AC +4, negative energy resistance 1, electricity
resistance, torment resistance 1, petrification resistance
a: no special abilities


You were on level 3 of the Dungeon.
You visited 1 branch of the dungeon, and saw 3 of its levels.

You collected 188 gold pieces.


Innate Abilities, Weirdness & Mutations

You are immune to sickness and miasma.
Your stone body is resilient. (AC +4)
You are immune to poison.
You resist negative energy. (rN+)
You are resistant to electric shocks. (rElec)
You are resistant to unholy torment.
You are immune to petrification.


   Skills:
 + Level 2.1 Fighting
 - Level 5.1 Ranged Weapons
 - Level 1.5 Dodging
 - Level 1.0 Spellcasting
 - Level 2.6 Hexes


You had 5 spell levels left.
You knew the following spells:

 Your Spells              Type           Power      Damage    Failure   Level
a - Slow                  Hex            28%        N/A       12%         1

Your spell library contained the following spells:

 Spells                   Type           Power      Damage    Failure   Level
 Inner Flame              Hex/Fire       4%         N/A       52%         3
 Portal Projectile        Hex/Tloc       8%         N/A       52%         3
 Cause Fear               Hex            3%         N/A       75%         4

Inventory:

Hand Weapons
 Y - a +2 sling (weapon)
Armour
 a - a +0 leather armour (worn)
Jewellery
 k - an amulet of regeneration (around neck)
Scrolls
 b - a scroll of butterflies {unknown}
 d - a scroll of noise {unknown}
 f - a scroll of identify {unknown}
Potions
 c - a potion of might {unknown}
 e - a potion of cancellation {unknown}
 h - a potion of degeneration {unknown}
 i - 3 potions of curing

Dungeon Overview and Level Annotations

Branches:
Dungeon (3/15)

Altars:
Nemelex Xobeh

Annotations:
D:3 3 runed translucent doors, qw's ghost, amateur MiHs


Message History

The ogre shouts!
You hear an angry hiss.
Enter note:
Enter note:
Enter note:
Enter note:
Enter note:
Enter note:
Enter note:
Enter note:
Enter note:
Enter note:
Enter note:
Enter note:
Enter note:
Enter note:
Enter note:
Enter note:
Enter note:
Enter note: You shoot a sling bullet.
The sling bullet hits the ogre.
The ogre is lightly wounded.
An adder comes into view.
You shoot a sling bullet. The sling bullet hits the ogre.
The ogre is moderately wounded.
You shoot a sling bullet.
The sling bullet hits the ogre but does no damage.
The ogre is moderately wounded.
The ogre hits you with a +0 giant spiked club!
You shoot a sling bullet. The sling bullet hits the ogre.
The ogre is heavily wounded.
The adder closely misses you.
You shoot a sling bullet. The sling bullet hits the ogre!
The ogre is severely wounded.
The ogre misses you. The adder closely misses you.
You shoot a sling bullet. The sling bullet hits the ogre.
The ogre is almost dead.
The adder bites you.
The ogre hits you with a +0 giant spiked club!!
Ouch! That really hurt!
You die...

#............####
..# ##
###.(##..#####.
## #
#..##.....[..)
#..##.######.. ##
#
###..##.##.#####
..# ##
.............<.#
.. #.
###..###.#.##..#
#.###.
#..###...##..#
..#..
#.....@O.....#
#.#.#
##.####S.##..#
#.#.# #.....#
#...# .##..#
##.## .# .# #.#
.# # #.# #.##
##.#. #....


You could see an ogre and an adder.

Vanquished Creatures
  An orc priest (D:3)
  Jessica (D:3)
  3 adders
  A worm (D:2)
  6 orcs (D:3)
  6 ball pythons
  4 endoplasms
  3 giant cockroaches
  6 goblins
  5 hobgoblins
  3 jackals (D:1)
  11 kobolds
  A quokka (D:2)
  5 bats
  3 frilled lizards
  3 rats (D:2)
62 creatures vanquished.

Notes
Turn   | Place    | Note
-------+----------+-------------------------------------------
     0 | D:1      | qw the Gargoyle Hexslinger began the quest for the Orb.
     0 | D:1      | Reached XP level 1. HP: 12/12 MP: 2/2
     0 | D:1      | 0 ||| qw: Version: 0.3-a-51-g015441d
     0 | D:1      | 0 ||| qw: Game counter: 4428
     0 | D:1      | 0 ||| qw: Melee chars always use a shield: true
     0 | D:1      | 0 ||| qw: God list: Okawaru
     0 | D:1      | 0 ||| qw: Allow faded altars: false
     0 | D:1      | 0 ||| qw: Do Orc after clearing Dungeon:15 true
     0 | D:1      | 0 ||| qw: Do second Lair branch before Depths: true
     0 | D:1      | 0 ||| qw: Lair rune preference: random
     0 | D:1      | 0 ||| qw: Goals: Normal
     0 | D:1      | 0 ||| PLANNING D:1-11
   112 | D:1      | Reached XP level 2. HP: 16/16 MP: 3/3
   256 | D:1      | Reached skill level 3 in Ranged Weapons
   417 | D:1      | Reached XP level 3. HP: 21/21 MP: 4/4
   610 | D:1      | 610 ||| UPGRADING to amulet of regeneration.
   615 | D:1      | 615 ||| READING scroll labelled SUL MOT SASIO.
   616 | D:1      | 616 ||| READING scroll labelled JISUSUSUOK.
   617 | D:1      | 617 ||| READING scroll labelled LORUSHR VAVE.
   620 | D:1      | 620 ||| READING scroll labelled VOKEOKLOAW.
   621 | D:1      | 621 ||| DROPPING scroll of poison.
  1055 | D:2      | Found a faded altar of an unknown god.
  1085 | D:2      | 1085 ||| UPGRADING to +0 leather armour.
  1095 | D:2      | 1095 ||| DROPPING +0 robe.
  1096 | D:2      | 1096 ||| READING scroll labelled IRCHUE FOVYFESM.
  1097 | D:2      | 1097 ||| DRINKING 2 black potions.
  1098 | D:2      | 1098 ||| DRINKING 2 fuming coppery potions.
  1099 | D:2      | 1099 ||| DROPPING potion of attraction.
  1199 | D:3      | Reached XP level 4. HP: 26/26 MP: 5/5
  1242 | D:3      | Reached skill level 4 in Ranged Weapons
  1511 | D:3      | Noticed Jessica
  1515 | D:3      | Killed Jessica
  1557 | D:3      | Found a runed translucent gate.
  1557 | D:3      | Found a runed translucent gate.
  1558 | D:3      | Found a runed translucent gate.
  1559 | D:3      | Noticed qw's ghost (amateur MiHs)
  1735 | D:3      | Found a sparkling altar of Nemelex Xobeh.
  1829 | D:3      | Reached XP level 5. HP: 30/30 MP: 6/6
  1861 | D:3      | Reached skill level 5 in Ranged Weapons
  1909 | D:3      | Noticed an ogre
  1915 | D:3      | Mangled by an ogre

Levels and vault maps discovered:
D:1:      tarquinn_simple_flora_water_d, layout_rooms,
          chequers_decorated_corner, hex_medium
D:2:      layout_basic, dreamdust_ecumenical_altar_grove
D:3:      minmay_general_purpose_star, layout_basic, nemelex_altar_shiori,
          ebering_ghost_rock_garden, nicolae_eternal_life, corexii_shack,
          uniq_jessica

Skill      XL: |  1  2  3  4  5 |
---------------+----------------+-----
Ranged Weapons | 3 4 5 |  5.1
Fighting       | 2 |  2.1
Dodging        | |  1.5
Spellcasting   | |  1.0
Hexes          | |  2.6

Action                     |  1- 3 |  4- 6 || total
---------------------------+-------+-------++-------
   Fire: Sling             |   131 |    80 ||   211
    Use: Scroll            |     5 |       ||     5
         Potion            |     2 |       ||     2
 Armour: Robe              |    20 |       ||    20
         Leather armour    |    12 |    17 ||    29
  Dodge: Dodged            |    67 |    22 ||    89

Table legend:
 A = Non-vault XP
 B = Vault XP
 C = Vault XP percentage of total XP
 D = Non-vault monster count
 E = Vault monster count
 F = Vault count percentage of total count
                 A         B        C        D         E       F
            +---------+---------+-------+---------+---------+-------
      Total |     182 |      40 |  18.0 |      60 |       2 |   3.2
            +---------+---------+-------+---------+---------+-------
        D:1 |      38 |       0 |   0.0 |      22 |       0 |   0.0
        D:2 |      39 |       0 |   0.0 |      16 |       0 |   0.0
        D:3 |     105 |      40 |  27.6 |      22 |       2 |   8.3
            +---------+---------+-------+---------+---------+-------
